NYP
MINNESOTA (NYP) TWINS @ LOS ANGELES (NYP) ANGELS
07/21/2048
 
TOP OF THE 1ST
Mahoning Valley Scrappers batting - Pitching for Tri-City ValleyCats : LHP Jordan Leon
Pitching: LHP Jordan Leon
Batting: SHB Scott Scott 0-0: Called Strike
0-1: Called Strike
0-2: Ball
1-2: Ball
2-2: Ball
3-2: Base on Balls
Batting: RHB Josh Patterson 0-0: Ball
1-0: Ball
2-0: Ball
3-0: Called Strike
3-1: Base on Balls
Scott Scott to second
Batting: RHB Mitch Boyd 0-0: Ball
1-0: Fly out, F8 (Flyball, 8RS, EV 88.1 MPH)
Batting: SHB Travis Burnett 0-0: Grounds into double play, 4-6-3 (Groundball, 4, EV 82.5 MPH)
Top of the 1st over - 0 runs, 0 hits, 0 errors, 1 left on base; Mahoning Valley 0 - Tri-City 0
BOTTOM OF THE 1ST
Tri-City ValleyCats batting - Pitching for Mahoning Valley Scrappers : RHP Arturo Rojas
Pitching: RHP Arturo Rojas
Batting: LHB Bruce Arvizu 0-0: Ball
1-0: Called Strike
1-1: Called Strike
1-2: Ball
2-2: Ball
3-2: Foul Ball, location: 2F
3-2: Foul Ball, location: 2F
3-2: Fly out, F8 (Flyball, 8RD, EV 93.1 MPH)
Batting: SHB Jason Caruso 0-0: Called Strike
0-1: Ball
1-1: Ball
2-1: Called Strike
2-2: Foul Ball, location: 2F
2-2: Ball
3-2: Fly out, F8 (Line Drive, 8RM, EV 95.0 MPH)
Batting: SHB Tanner Bernstein 0-0: Ground out 6-3 (Groundball, 6, EV 90.0 MPH)
Bottom of the 1st over - 0 runs, 0 hits, 0 errors, 0 left on base; Mahoning Valley 0 - Tri-City 0
TOP OF THE 2ND
Mahoning Valley Scrappers batting - Pitching for Tri-City ValleyCats : LHP Jordan Leon
Batting: LHB Kazuyoshi Nakamura 0-0: Ball
1-0: Called Strike
1-1: Called Strike
1-2: Ball
2-2: Foul Ball, location: 2F
2-2: Ball
3-2: Ground out 6-3 (Groundball, 6M, EV 87.5 MPH)
Batting: RHB Jeremy Givens 0-0: Fly out, F8 (Flyball, 8LD, EV 90.6 MPH)
Batting: RHB Harris Leroux 0-0: Called Strike
0-1: Ground out 6-3 (Groundball, 6, EV 86.2 MPH)
Top of the 2nd over - 0 runs, 0 hits, 0 errors, 0 left on base; Mahoning Valley 0 - Tri-City 0
BOTTOM OF THE 2ND
Tri-City ValleyCats batting - Pitching for Mahoning Valley Scrappers : RHP Arturo Rojas
Batting: RHB Xavier Castaneda 0-0: Ball
1-0: Foul Ball, location: 2F
1-1: Foul Ball, location: 2F
1-2: Ball
2-2: Fly out, F8 (Flyball, 8LXD, EV 81.9 MPH)
Batting: RHB Steve Moore 0-0: Foul Ball, location: 2F
0-1: Ball
1-1: Called Strike
1-2: Ground out 5-3 (Groundball, 5S, EV 83.8 MPH)
Batting: RHB Tristan Lewis 0-0: Called Strike
0-1: Ball
1-1: Swinging Strike
1-2: Strikes out swinging
Bottom of the 2nd over - 0 runs, 0 hits, 0 errors, 0 left on base; Mahoning Valley 0 - Tri-City 0
TOP OF THE 3RD
Mahoning Valley Scrappers batting - Pitching for Tri-City ValleyCats : LHP Jordan Leon
Batting: LHB Esteban Cordova 0-0: SINGLE (Groundball, 4D, EV 96.9 MPH)
Batting: RHB Willie Gonzales 0-0: Ball
1-0: Ball
2-0: Ball
3-0: Base on Balls
Esteban Cordova to second
Batting: SHB Scott Scott 0-0: Ball
1-0: Foul Ball, location: 2F
1-1: Ball
2-1: Foul Ball, location: 2F
2-2: Ball
3-2: Fly out, F9 (Line Drive, 9LS, EV 93.1 MPH)
Batting: RHB Josh Patterson 0-0: Called Strike
0-1: Foul Ball, location: 2F
0-2: Ball
1-2: Ball
2-2: Foul Ball, location: 2F
2-2: Foul Ball, location: 2F
2-2: Strikes out looking
Batting: RHB Mitch Boyd 0-0: Called Strike
0-1: Foul Ball, location: 2F
0-2: Fielders Choice at 2nd, 6-4 (Groundball, 6, EV 80.6 MPH)
Top of the 3rd over - 0 runs, 1 hit, 0 errors, 2 left on base; Mahoning Valley 0 - Tri-City 0
BOTTOM OF THE 3RD
Tri-City ValleyCats batting - Pitching for Mahoning Valley Scrappers : RHP Arturo Rojas
Batting: RHB Drew Coleman 0-0: Foul Ball, location: 2F
0-1: Called Strike
0-2: Ball
1-2: Strikes out swinging
Batting: RHB J.R. Roberts 0-0: Ball
1-0: Foul Ball, location: 2F
1-1: Ball
2-1: Ball
3-1: SOLO HOME RUN (Flyball, 7D, EV 93.1 MPH), Distance : 360 ft
Batting: RHB Jarno van Lente 0-0: Foul Ball, location: 2F
0-1: Ball
1-1: Swinging Strike
1-2: Ball
2-2: Strikes out looking
Batting: LHB Bruce Arvizu 0-0: Called Strike
0-1: Ball
1-1: Ball
2-1: Called Strike
2-2: Foul Ball, location: 2F
2-2: SINGLE (Groundball, 6S, EV 69.4 MPH) (infield hit)
Batting: SHB Jason Caruso 0-0: Ball
Bruce Arvizu is caught stealing 2nd base 2-6
Bottom of the 3rd over - 1 run, 2 hits, 0 errors, 0 left on base; Mahoning Valley 0 - Tri-City 1
TOP OF THE 4TH
Mahoning Valley Scrappers batting - Pitching for Tri-City ValleyCats : LHP Jordan Leon
Batting: SHB Travis Burnett 0-0: Ball
1-0: Ball
2-0: Ball
3-0: Fly out, F7 (Flyball, 78M, EV 89.4 MPH)
Batting: LHB Kazuyoshi Nakamura 0-0: Swinging Strike
0-1: Foul Ball, location: 2F
0-2: Ball
1-2: Foul Ball, location: 2F
1-2: Ground out 5-3 (Groundball, 56, EV 92.5 MPH)
Batting: RHB Jeremy Givens 0-0: Ball
1-0: Foul Ball, location: 2F
1-1: Foul Ball, location: 2F
1-2: SINGLE (Groundball, 6D, EV 108.8 MPH)
Batting: RHB Harris Leroux 0-0: Ball
1-0: Swinging Strike
1-1: Called Strike
1-2: Fly out, F8 (Flyball, 8LD, EV 86.2 MPH)
Top of the 4th over - 0 runs, 1 hit, 0 errors, 1 left on base; Mahoning Valley 0 - Tri-City 1
BOTTOM OF THE 4TH
Tri-City ValleyCats batting - Pitching for Mahoning Valley Scrappers : RHP Arturo Rojas
Batting: SHB Jason Caruso 0-0: Called Strike
0-1: Bunt missed!
0-2: Ball
1-2: Ground out 6-3 (Groundball, 6, EV 80.6 MPH)
Batting: SHB Tanner Bernstein 0-0: Ball
1-0: Called Strike
1-1: Ball
2-1: Swinging Strike
2-2: Foul Ball, location: 2F
2-2: Ball
3-2: Strikes out swinging
Batting: RHB Xavier Castaneda 0-0: Ball
1-0: Called Strike
1-1: DOUBLE (Line Drive, 89D, EV 102.5 MPH)
Batting: RHB Steve Moore 0-0: DOUBLE (Line Drive, 78D, EV 106.9 MPH)
Xavier Castaneda scores
Batting: RHB Tristan Lewis 0-0: Ball
1-0: Called Strike
1-1: Called Strike
1-2: Ground out 1-3 (Groundball, P, EV 63.8 MPH)
Bottom of the 4th over - 1 run, 2 hits, 0 errors, 1 left on base; Mahoning Valley 0 - Tri-City 2
TOP OF THE 5TH
Mahoning Valley Scrappers batting - Pitching for Tri-City ValleyCats : LHP Jordan Leon
Batting: LHB Esteban Cordova 0-0: Ball
1-0: Swinging Strike
1-1: Foul Ball, location: 2F
1-2: Ball
2-2: Ground out 5-3 (Groundball, 56S, EV 83.8 MPH)
Batting: RHB Willie Gonzales 0-0: Ball
1-0: Ball
2-0: Called Strike
2-1: Ball
3-1: Base on Balls
Batting: SHB Scott Scott 0-0: Called Strike
Willie Gonzales steals 2nd base
0-1: Foul Ball, location: 2F
0-2: Foul Ball, location: 2F
0-2: DOUBLE (Line Drive, 89D, EV 105.0 MPH)
Willie Gonzales scores
Batting: RHB Josh Patterson 0-0: Foul Ball, location: 2F
0-1: Swinging Strike
0-2: Ball
1-2: SINGLE (Line Drive, 78M, EV 91.2 MPH)
Scott Scott to third
Batting: RHB Mitch Boyd 0-0: SINGLE (Groundball, 56D, EV 98.1 MPH)
Scott Scott scores
Josh Patterson to second
Batting: SHB Travis Burnett 0-0: Called Strike
0-1: Ball
1-1: DOUBLE (Line Drive, 7LM, EV 102.5 MPH)
Josh Patterson scores
Mitch Boyd to third
Batting: LHB Kazuyoshi Nakamura 0-0: Ball
1-0: Called Strike
1-1: Ball
2-1: Ball
3-1: Fly out, F9 (Flyball, 9LS, EV 75.6 MPH)
Batting: RHB Jeremy Givens 0-0: Ball
1-0: Called Strike
1-1: Foul Ball, location: 2F
1-2: Foul Ball, location: 2F
1-2: Foul Ball, location: 2F
1-2: Ball
2-2: Ball
3-2: DOUBLE (Line Drive, 3D, EV 101.9 MPH)
Mitch Boyd scores
Travis Burnett scores
Batting: RHB Harris Leroux 0-0: Called Strike
0-1: Ball
1-1: Called Strike
1-2: Ball
2-2: Strikes out looking
Top of the 5th over - 5 runs, 5 hits, 0 errors, 1 left on base; Mahoning Valley 5 - Tri-City 2
BOTTOM OF THE 5TH
Tri-City ValleyCats batting - Pitching for Mahoning Valley Scrappers : RHP Arturo Rojas
Batting: RHB Drew Coleman 0-0: Foul Ball, location: 2F
0-1: Ball
1-1: Ball
2-1: SINGLE (Groundball, 6S, EV 70.6 MPH) (infield hit)
Batting: RHB J.R. Roberts 0-0: Ball
Drew Coleman is caught stealing 2nd base 2-4
1-0: Called Strike
1-1: SINGLE (Groundball, 6MD, EV 102.5 MPH)
Batting: RHB Jarno van Lente 0-0: Called Strike
0-1: Ball
1-1: Ball
2-1: Swinging Strike
2-2: Strikes out swinging
Batting: LHB Bruce Arvizu 0-0: Foul Ball, location: 2F
0-1: Ball
1-1: Swinging Strike
1-2: Ball
2-2: Foul Ball, location: 2F
2-2: DOUBLE (Line Drive, 7LD, EV 96.2 MPH)
J.R. Roberts to third
Runner from 3rd tries for Home, SAFE, no throw by LF
Batting: SHB Jason Caruso 0-0: Ball
1-0: Ball
2-0: Swinging Strike
2-1: Swinging Strike
2-2: Strikes out looking
Bottom of the 5th over - 1 run, 3 hits, 0 errors, 1 left on base; Mahoning Valley 5 - Tri-City 3
TOP OF THE 6TH
Mahoning Valley Scrappers batting - Pitching for Tri-City ValleyCats : LHP Jordan Leon
Batting: LHB Esteban Cordova 0-0: Ball
1-0: Ball
2-0: Foul Ball, location: 2F
2-1: Ball
3-1: Called Strike
3-2: Base on Balls
Pitching: RHP Mario del Rio
Batting: RHB Willie Gonzales 0-0: Foul Ball, location: 2F
0-1: Called Strike
0-2: Ball
1-2: Strikes out swinging
Batting: SHB Scott Scott 0-0: Called Strike
0-1: Swinging Strike
0-2: Strikes out swinging
Batting: RHB Josh Patterson 0-0: Ball
1-0: Ball
2-0: Foul Ball, location: 2F
2-1: Fielders Choice at 2nd, 6-4 (Groundball, 6, EV 78.8 MPH)
Top of the 6th over - 0 runs, 0 hits, 0 errors, 1 left on base; Mahoning Valley 5 - Tri-City 3
BOTTOM OF THE 6TH
Tri-City ValleyCats batting - Pitching for Mahoning Valley Scrappers : RHP Arturo Rojas
Batting: SHB Tanner Bernstein 0-0: Called Strike
0-1: Swinging Strike
0-2: Foul Ball, location: 2F
0-2: Ball
1-2: Strikes out looking
Batting: RHB Xavier Castaneda 0-0: Foul Ball, location: 2F
0-1: Ball
1-1: Called Strike
1-2: Ball
2-2: Ball
3-2: Strikes out swinging
Batting: RHB Steve Moore 0-0: Called Strike
0-1: Ball
1-1: Foul Ball, location: 2F
1-2: Ball
2-2: Ball
3-2: SINGLE (Line Drive, 7S, EV 92.5 MPH)
Pitching: LHP J.J. Adkins
Batting: RHB Tristan Lewis 0-0: Called Strike
0-1: Foul Ball, location: 2F
0-2: Strikes out swinging
Bottom of the 6th over - 0 runs, 1 hit, 0 errors, 1 left on base; Mahoning Valley 5 - Tri-City 3
TOP OF THE 7TH
Mahoning Valley Scrappers batting - Pitching for Tri-City ValleyCats : RHP Mario del Rio
Batting: RHB Mitch Boyd 0-0: Ball
1-0: Ball
2-0: Ball
3-0: Base on Balls
Batting: SHB Travis Burnett 0-0: Ball
1-0: Ball
Wild Pitch!
Mitch Boyd to second
2-0: Called Strike
2-1: Foul Ball, location: 2F
2-2: Foul Ball, location: 2F
2-2: Ball
3-2: Base on Balls
Pitching: RHP Michiyo Takayama
Batting: LHB Kazuyoshi Nakamura 0-0: Ball
1-0: Called Strike
1-1: Ball
2-1: Grounds into double play, 6-4-3 (Groundball, 6, EV 84.4 MPH)
Mitch Boyd to third
Batting: RHB Jeremy Givens 0-0: Hit by Pitch
Batting: RHB Harris Leroux 0-0: Foul Ball, location: 2F
0-1: Ball
1-1: SINGLE (Flyball, 8RS, EV 98.8 MPH)
Mitch Boyd scores
Jeremy Givens to second
Batting: LHB Esteban Cordova 0-0: Ball
1-0: Called Strike
1-1: 3-RUN HOME RUN (Flyball, 7D, EV 98.1 MPH), Distance : 377 ft
Batting: RHB Willie Gonzales 0-0: Ball
1-0: Foul Ball, location: 2F
1-1: Ball
2-1: Ball
3-1: Base on Balls
Batting: SHB Scott Scott 0-0: Foul Ball, location: 2F
0-1: Called Strike
Willie Gonzales steals 2nd base
0-2: Foul Ball, location: 2F
0-2: Strikes out swinging
Top of the 7th over - 4 runs, 2 hits, 0 errors, 1 left on base; Mahoning Valley 9 - Tri-City 3
BOTTOM OF THE 7TH
Tri-City ValleyCats batting - Pitching for Mahoning Valley Scrappers : LHP J.J. Adkins
Batting: RHB Drew Coleman 0-0: Ball
1-0: Foul Ball, location: 2F
1-1: Foul Ball, location: 2F
1-2: SINGLE (Groundball, 6MD, EV 104.4 MPH) (infield hit)
Batting: RHB J.R. Roberts 0-0: Called Strike
Drew Coleman steals 2nd base
0-1: Swinging Strike
0-2: Ball
1-2: Strikes out swinging, 2-3 out at first.
Batting: RHB Jarno van Lente 0-0: Called Strike
0-1: Foul Ball, location: 2F
0-2: Strikes out looking
Batting: LHB Bruce Arvizu 0-0: Ball
1-0: DOUBLE (Line Drive, 9LS, EV 108.1 MPH)
Drew Coleman scores
Batting: SHB Jason Caruso 0-0: Called Strike
0-1: Ball
1-1: Ball
2-1: Ball
3-1: Foul Ball, location: 2F
3-2: Strikes out swinging
Bottom of the 7th over - 1 run, 2 hits, 0 errors, 1 left on base; Mahoning Valley 9 - Tri-City 4
TOP OF THE 8TH
Mahoning Valley Scrappers batting - Pitching for Tri-City ValleyCats : RHP Michiyo Takayama
Batting: RHB Josh Patterson 0-0: Fly out, F9 (Line Drive, 9, EV 85.0 MPH)
Batting: RHB Mitch Boyd 0-0: Ball
1-0: Ball
2-0: Called Strike
2-1: Fly out, F9 (Flyball, 9D, EV 108.8 MPH)
Batting: SHB Travis Burnett 0-0: Ball
1-0: Called Strike
1-1: Foul Ball, location: 2F
1-2: DOUBLE (Groundball, 3L, EV 106.2 MPH)
Batting: LHB Kazuyoshi Nakamura 0-0: Ball
1-0: Foul Ball, location: 2F
1-1: Called Strike
1-2: Ball
2-2: Fly out, F4 (Line Drive, 4M, EV 86.2 MPH)
Top of the 8th over - 0 runs, 1 hit, 0 errors, 1 left on base; Mahoning Valley 9 - Tri-City 4
BOTTOM OF THE 8TH
Tri-City ValleyCats batting - Pitching for Mahoning Valley Scrappers : LHP J.J. Adkins
Batting: SHB Tanner Bernstein 0-0: Ball
1-0: Swinging Strike
1-1: Foul Ball, location: 2F
1-2: Strikes out swinging
Batting: RHB Xavier Castaneda 0-0: Ball
1-0: Called Strike
1-1: Swinging Strike
1-2: Ball
2-2: Strikes out swinging
Batting: RHB Steve Moore 0-0: Ball
1-0: Ball
2-0: Called Strike
2-1: Called Strike
2-2: Foul Ball, location: 2F
2-2: Ball
3-2: Foul Ball, location: 2F
3-2: Strikes out swinging, 2-3 out at first.
Bottom of the 8th over - 0 runs, 0 hits, 0 errors, 0 left on base; Mahoning Valley 9 - Tri-City 4
TOP OF THE 9TH
Mahoning Valley Scrappers batting - Pitching for Tri-City ValleyCats : RHP Michiyo Takayama
Batting: RHB Jeremy Givens 0-0: Called Strike
0-1: Fly out, F7 (Line Drive, 78M, EV 106.9 MPH)
Batting: RHB Harris Leroux 0-0: Ball
1-0: Foul Ball, location: 2F
1-1: Foul Ball, location: 2F
1-2: SINGLE (Line Drive, 7S, EV 95.6 MPH)
Batting: LHB Esteban Cordova 0-0: Ball
1-0: Ball
2-0: Grounds into double play, 5-4-3 (Groundball, 56S, EV 83.1 MPH)
Top of the 9th over - 0 runs, 1 hit, 0 errors, 0 left on base; Mahoning Valley 9 - Tri-City 4
BOTTOM OF THE 9TH
Tri-City ValleyCats batting - Pitching for Mahoning Valley Scrappers : LHP J.J. Adkins
Batting: RHB Tristan Lewis 0-0: Ball
1-0: Ground out 4-3 (Groundball, 4, EV 79.4 MPH)
Batting: RHB Drew Coleman 0-0: Called Strike
0-1: Foul Ball, location: 2F
0-2: Ball
1-2: Ball
2-2: Foul Ball, location: 2F
2-2: Foul Ball, location: 2F
2-2: Ball
3-2: Strikes out swinging
Batting: RHB J.R. Roberts 0-0: Foul Ball, location: 2F
0-1: Foul Ball, location: 2F
0-2: SINGLE (Groundball, 4MD, EV 97.5 MPH)
Pitching: RHP En-guo Tsu
Pinch Hitting: LHB Mark Dearth 0-0: Fly out, F9 (Flyball, 89S, EV 78.8 MPH)
Bottom of the 9th over - 0 runs, 1 hit, 0 errors, 1 left on base; Mahoning Valley 9 - Tri-City 4
Tuesday, March 28th , 2023 - OOTP Baseball 23.10 Build 110